 Dungeon Crawl Stone Soup version 0.25-a0-294-gea9b1ad (webtiles) character file.

Game seed: 3412895868734278861, levelgen mode: deterministic

165 Birdy the Ruffian (level 5, -5/40 HPs)
             Began as a Demonspawn Gladiator on Dec 18, 2019.
             Slain by an ogre
             ... wielding a +0 giant club
              (17 damage)
             ... on level 4 of the Dungeon.
             The game lasted 00:05:46 (3506 turns).

Birdy the Ruffian (Demonspawn Gladiator)            Turns: 3506, Time: 00:05:47

Health: -5/40      AC:  7    Str: 19    XL:     5   Next: 21%
Magic:  5/5        EV: 13    Int:  9    God:
Gold:   204        SH:  4    Dex: 14    Spells: 4/4 levels left

rFire    . . .     SeeInvis +     - Unarmed
rCold    . . .     Gourm    .   (no shield)
rNeg     . . .     Faith    .   a - +0 leather armour
rPois    .         Spirit   .   (helmet restricted)
rElec    .         Reflect  .   i - +1 cloak
rCorr    .         Harm     .   (no gloves)
MR       .....                  j - +1 pair of boots
Stlth    +.........             (no amulet)
HPRegen  0.13/turn              (no ring)
MPRegen  0.09/turn              (no ring)

@: mighty
A: horns 2, large bone plates 1, see invisible, weak 1, evolution 1
a: no special abilities


You were on level 4 of the Dungeon.
You were not hungry.

You visited 1 branch of the dungeon, and saw 4 of its levels.

You collected 204 gold pieces.

Inventory:

Missiles
 c - 3 throwing nets (quivered)
Armour
 a - a +0 leather armour (worn)
 b - a +0 helmet
 i - a +1 cloak (worn)
 j - a +1 pair of boots (worn)
Scrolls
 g - 3 scrolls of remove curse
 k - 4 scrolls of teleportation
 l - a scroll of magic mapping
 m - a scroll of amnesia {unknown}
 n - a scroll of fear {unknown}
 p - a scroll of enchant armour {unknown}
Potions
 e - 2 potions of brilliance
 f - 3 potions of mutation
 o - a potion of curing {unknown}
Comestibles
 d - 4 rations


   Skills:
 + Level 2.9 Fighting
 - Level 1.7 Throwing
 + Level 1.8 Armour
 + Level 3.4 Dodging
 * Level 4.0 Unarmed Combat


You had 4 spell levels left.
You didn't know any spells.
Your spell library was empty.

Dungeon Overview and Level Annotations

Branches:
Dungeon (4/15)
 Temple: D:4-7

Altars:
Ashenzari
Cheibriados
Okawaru
Qazlal
Uskayaw


Innate Abilities, Weirdness & Mutations

You have a pair of horns on your head.
You are partially covered in large bone plates. (SH +4)
You have supernaturally acute eyesight. (SInv)
You are weak. (Str -2)
You evolve.


Message History

Unknown command.
There is an open door here.
You punch the ogre!
The ogre is moderately wounded.
The ogre hits you with a +0 giant club!!
Ouch! That really hurt!
* * * LOW HITPOINT WARNING * * *
Okay, then.
You hit the ogre.
The ogre is heavily wounded.
You block the ogre's attack.
You punch the ogre!
The ogre is severely wounded.
You hit the ogre.
The ogre is almost dead.
The ogre closely misses you.
You barely miss the ogre.
The ogre is almost dead.
The ogre hits you with a +0 giant club!
You die...

##.......##
#.........#
+.........+
#.........# #.......#
#.....# #.O.# #@# #.#
##.####### #........#
.## ##...###..# ....
#.....##..# .....
##...###..#
#.....###..####..###.#
#......<.............#


You could see an ogre.

Vanquished Creatures
  Crazy Yiuf (D:2)
  6 adders
  An ooze (D:1)
  5 worms
  2 dart slugs (D:1)
  2 leopard geckos
  5 orcs (D:3)
  3 ball pythons
  4 bats
  7 goblins
  6 hobgoblins
  7 kobolds
  A quokka (D:3)
  2 frilled lizards (D:3)
  A rat (D:2)
53 creatures vanquished.

Notes
Turn   | Place    | Note
-------+----------+-------------------------------------------
     0 | D:1      | Birdy the Demonspawn Gladiator began the quest for the Orb.
     0 | D:1      | Reached XP level 1. HP: 16/16 MP: 1/1
   298 | D:1      | Gained mutation: You have a pair of small horns on your
                  | head. [demonic ancestry]
   298 | D:1      | Reached XP level 2. HP: 14/22 MP: 2/2
   304 | D:1      | Reached skill level 3 in Unarmed Combat
  1041 | D:2      | Gained mutation: You are partially covered in large bone
                  | plates. (SH +4) [demonic ancestry]
  1041 | D:2      | Reached XP level 3. HP: 21/28 MP: 3/3
  1147 | D:2      | Reached skill level 1 in Armour
  1675 | D:2      | Found a runed translucent door.
  1676 | D:2      | Noticed Crazy Yiuf
  1682 | D:2      | Killed Crazy Yiuf
  1794 | D:2      | Reached XP level 4. HP: 34/34 MP: 4/4
  2032 | D:2      | Found a shattered altar of Ashenzari.
  2034 | D:2      | Found a stormy altar of Qazlal.
  2192 | D:2      | Gained mutation: You have supernaturally acute eyesight.
                  | (SInv) [potion of mutation]
  2192 | D:2      | Gained mutation: You are weak. (Str -2) [potion of
                  | mutation]
  2192 | D:2      | Gained mutation: You evolve. [potion of mutation]
  2544 | D:3      | Found a snail-covered altar of Cheibriados.
  2546 | D:3      | Found an iron altar of Okawaru.
  2672 | D:3      | Found a hide-covered altar of Uskayaw.
  2764 | D:3      | Gained mutation: You have a pair of horns on your head.
                  | [evolution]
  3028 | D:3      | Noticed a +0 dagger
  3028 | D:3      | Noticed a +0 hand axe
  3080 | D:3      | Reached XP level 5. HP: 30/40 MP: 5/5
  3294 | D:3      | Reached skill level 4 in Unarmed Combat
  3496 | D:4      | Noticed an ogre
  3506 | D:4      | Slain by an ogre

Levels and vault maps discovered:
D:1:      dpeg_arrival_water_temple_mockup, layout_basic
D:2:      layout_loops_corners, minitemple, first_ration,
          uniq_crazy_yiuf_cottage
D:3:      layout_basic, dancing_weapons_uskayaw, grunt_temple_overflow_open
D:4:      layout_loops_corners, nicolae_ossuary_entry_monument,
          minmay_manual_mullet, uniq_eustachio

Skill      XL: |  1  2  3  4  5 |
---------------+----------------+-----
Unarmed Combat | 3 4 |  4.0
Armour         | 1 |  1.8
Dodging        | 3 |  3.4
Fighting       | |  2.9
Throwing       | |  1.7

Action                   |  1- 3 |  4- 6 || total
-------------------------+-------+-------++-------
Melee: Unarmed           |   100 |    97 ||   197
       Headbutt          |    11 |    17 ||    28
       Punch             |     1 |     3 ||     4
  Use: Scroll            |     4 |     3 ||     7
       Potion            |     1 |     2 ||     3
  Eat: Chunk             |     1 |     7 ||     8
Armor: Leather armour    |    19 |    18 ||    37
       Skin              |     1 |       ||     1
Dodge: Dodged            |    48 |    49 ||    97
Block: Other             |     5 |     9 ||    14

Table legend:
 A = Non-vault XP
 B = Vault XP
 C = Vault XP percentage of total XP
 D = Non-vault monster count
 E = Vault monster count
 F = Vault count percentage of total count
                 A         B        C        D         E       F
            +---------+---------+-------+---------+---------+-------
      Total |     195 |      41 |  17.4 |      52 |       1 |   1.9
            +---------+---------+-------+---------+---------+-------
        D:1 |      37 |       0 |   0.0 |      14 |       0 |   0.0
        D:2 |      44 |      41 |  48.2 |      13 |       1 |   7.1
        D:3 |     101 |       0 |   0.0 |      24 |       0 |   0.0
        D:4 |      13 |       0 |   0.0 |       1 |       0 |   0.0
            +---------+---------+-------+---------+---------+-------
